 Dungeon Crawl Stone Soup version 0.28-a0-476-g0f06bd746f (webtiles) character file.

Game seed: 2628836181514755256

64159 Rennog the Eclecticist (level 14, -1/80 HPs)
             Began as a Deep Elf Fire Elementalist on Sept 16, 2021.
             Was an Elder of Sif Muna.
             Shot with an arrow by a centaur warrior (25 damage)
             ... on level 15 of the Dungeon.
             The game lasted 01:07:06 (27146 turns).

Rennog the Eclecticist (DEFE)                      Turns: 27146, Time: 01:07:07

Health: -1/80      AC:  9    Str:  7    XL:     14   Next: 70%
Magic:  28/36      EV: 19    Int: 23    God:    Sif Muna [****..]
Gold:   1399       SH:  5    Dex: 18    Spells: 6/45 levels left

rFire   + + .      SeeInvis .   f - staff of fire
rCold   x . .      Faith    .   (no shield)
rNeg    . . .      Spirit   .   N - +1 robe {Archmagi}
rPois   +          Reflect  +   M - +3 helmet of Intense Amelioration {*Slow rPois Will++ Dex+2}
rElec   +          Harm     .   p - +0 cloak
rCorr   .          Rampage  .   D - +0 pair of gloves
Will    ++...      Archmagi +   (no boots)
Stlth   ++........              j - amulet of reflection
HPRegen 0.23/turn               L - ring "Elewyh Nusu" {Fire rElec rPois Will-}
MPRegen 0.25/turn               E - ring of wizardry

@: very slightly contaminated, slowed, very slow
A: no striking features
a: Renounce Religion, Channel Magic, Forget Spell, Divine Exegesis


You were on level 15 of the Dungeon.
You worshipped Sif Muna.
Sif Muna was greatly pleased with you.
You visited 3 branches of the dungeon, and saw 22 of its levels.
You also visited: Gauntlet.

You collected 2079 gold pieces.
You spent 680 gold pieces at shops.

Inventory:

Hand Weapons
 o - a +4 quarterstaff of chaos
 O - the +10 long sword of Jytsu {holy, rPois Stlth+}
   (You took it off a deep elf pyromancer on level 12 of the Dungeon)

   It has been blessed by the Shining One to cause great damage to the undead
   and demons.
   rPois:     It protects you from poison.
   Stlth:     It makes you more stealthy.
Armour
 a - a +0 robe
 p - a +0 cloak (worn)
 D - a +0 pair of gloves (worn)
 M - the +3 helmet of Intense Amelioration (worn) {*Slow rPois Will++ Dex+2}
   (You found it on level 11 of the Dungeon)

   Dex:       It affects your dexterity (+2).
   rPois:     It protects you from poison.
   *Slow:     It may slow you when you take damage.
   Will:      It greatly increases your willpower.
 N - a +1 robe of the Archmagi (worn)
 Z - the +0 hat "Wailoul" {rCorr}
   (You found it in a Gauntlet)

   rCorr:     It protects you from acid and corrosion.
Magical Staves
 f - a staff of fire (weapon)
Jewellery
 j - an amulet of reflection (around neck)
 n - a ring of ice
 z - an amulet of faith
 E - a ring of wizardry (right hand)
 G - a ring of poison resistance
 L - the ring "Elewyh Nusu" (left hand) {Fire rElec rPois Will-}
   (You acquired it on level 10 of the Dungeon)

   [ring of fire]

   It enhances your fire magic.
   rF:        It protects you from fire.
   rC:        It makes you vulnerable to cold.
   rElec:     It insulates you from electricity.
   rPois:     It protects you from poison.
   Will:      It decreases your willpower.
 T - a ring of magical power
Wands
 g - a wand of digging (22)
 v - a wand of flame (36)
 A - a wand of iceblast (31)
 B - a wand of acid (9)
 P - a wand of mindburst (10)
 W - a wand of paralysis (14)
Scrolls
 c - a scroll of immolation
 d - 2 scrolls of identify
 e - 2 scrolls of holy word
 q - 2 scrolls of blinking
 r - 4 scrolls of amnesia
 w - 2 scrolls of enchant weapon
 x - 2 scrolls of magic mapping
 y - a scroll of vulnerability
 F - a scroll of fog {unknown}
 H - 5 scrolls of enchant armour
 J - 3 scrolls of teleportation
 Q - a scroll of fear {unknown}
 R - 3 scrolls of summoning
 U - 2 scrolls of brand weapon {unknown}
 X - a scroll of torment {unknown}
Potions
 b - 4 potions of cancellation
 h - 7 potions of ambrosia
 i - 3 potions of mutation
 k - 3 potions of attraction
 l - 6 potions of brilliance
 m - 3 potions of lignification {unknown}
 s - 5 potions of degeneration
 t - 6 potions of curing
 u - 3 potions of resistance
 C - 4 potions of heal wounds {unknown}
 I - 2 potions of might {unknown}
 K - a potion of berserk rage {unknown}
Miscellaneous
 V - a tin of tremorstones (1/2)
 Y - a phial of floods (quivered)


   Skills:
 - Level 6.5 Fighting
 - Level 11.3 Dodging
 - Level 2.4 Stealth
 - Level 16.4 Spellcasting
 * Level 15.7 Conjurations
 * Level 12.5 Fire Magic
 + Level 5.8 Invocations


You had 6 spell levels left.
You knew the following spells:

 Your Spells              Type           Power      Damage    Failure   Level
a - Foxfire               Conj/Fire      100%       2x1d9     0%          1
b - Scorch                Fire           100%       2d10      1%          2
c - Conjure Flame         Conj/Fire      100%       6-21      1%          3
d - Flame Wave            Conj/Fire      100%       3d16      1%          4
e - Teleport Other        Tloc           28%        N/A       3%          3
f - Blink                 Tloc           N/A        N/A       1%          2
g - Hailstorm             Conj/Ice       70%        3d15      1%          4
h - Starburst             Conj/Fire      68%        6d18      1%          6
i - Freezing Cloud        Conj/Ice/Air   29%        6-21      4%          5
j - Lightning Bolt        Conj/Air       35%        1d53      1%          5
k - Passage of Golubria   Tloc           N/A        N/A       12%         4

Your spell library contained the following spells:

 Spells                   Type           Power      Damage    Failure   Level
 Shock                    Conj/Air       100%       1d9       1%          1
 Corpse Rot               Necr/Air       N/A        N/A       1%          2
 Poisonous Vapours        Pois/Air       56%        N/A       1%          2
 Slow                     Hex            28%        N/A       1%          2
 Inner Flame              Hex/Fire       100%       N/A       1%          3
 Irradiate                Conj/Tmut      35%        3d25      1%          5
 Call Canine Familiar     Summ           28%        N/A       3%          3
 Confusing Touch          Hex            28%        N/A       3%          3
 Gell's Gravitas          Tloc           14%        N/A       3%          3
 Portal Projectile        Hex/Tloc       56%        N/A       3%          3
 Animate Armour           Summ/Erth      56%        N/A       12%         4
 Ice Form                 Ice/Tmut       28%        N/A       12%         4
 Leda's Liquefaction      Hex/Erth       14%        N/A       12%         4
 Summon Ice Beast         Ice/Summ       28%        N/A       12%         4
 Summon Lightning Spire   Summ/Air       28%        N/A       12%         4
 Manifold Assault         Tloc           28%        N/A       32%         5
 Silence                  Hex/Air        14%        N/A       32%         5
 Summon Forest            Summ/Tloc      14%        N/A       32%         5
 Summon Mana Viper        Hex/Summ       28%        N/A       32%         5
 Yara's Violent Unravell  Hex/Tmut       14%        3d7       32%         5
 Dispersal                Tloc           14%        N/A       85%         6
 Eringya's Noxious Bog    Tmut/Pois      14%        N/A       85%         6
 Simulacrum               Ice/Necr       14%        N/A       85%         6
 Spellforged Servitor     Conj/Summ      35%        N/A       36%         7
 Lehudib's Crystal Spear  Conj/Erth      35%        10d9      95%         8
 Fire Storm               Conj/Fire      68%        8d17      97%         9
 Monstrous Menagerie      Summ           14%        N/A       100%        7
 Storm Form               Tmut/Air       14%        N/A       100%        7
 Summon Hydra             Summ           14%        N/A       100%        7
 Maxwell's Capacitive Co  Air            14%        ∞         100%        8


Dungeon Overview and Level Annotations

Branches:
Dungeon (15/15)            Temple (1/1) D:5            Lair (6/6) D:9
 Shoals (0/4) Lair:3        Snake (0/4) Lair:2          Orc (0/2) D:11
 Vaults (0/5) D:13        Gauntlet (visited)
  Slime: Lair:5-6    Depths: D:15

Altars:
Ashenzari
Cheibriados
Dithmenos
Elyvilon
Fedhas
Gozag
Hepliaklqana
Kikubaaqudgha
Makhleb
Nemelex Xobeh
Okawaru
Qazlal
Ru
Sif Muna
Vehumet
Wu Jian
Xom
Yredelemnul
Zin
The Shining One

Shops:
D:13 :(

Portals:
Trove: D:10 (give 7 scrolls of fear)


Message History

You feel a huge surge of power!
You conjure some foxfire!
The brown ugly thing gurgles horribly!
A brown ugly thing comes into view.
A cyclops comes into view.
Casting: Foxfire (safe; 0% risk of failure)
Confirm with . or Enter, or press ? or * to list all spells.
You feel a huge surge of power!
You conjure some foxfire!
A centaur warrior comes into view.
The brown ugly thing basks in the mutagenic energy from its kin and changes!
The foxfire hits the brown ugly thing.
The brown ugly thing is lightly wounded.
The cyclops throws a large rock.
You reflect the large rock off an invisible shield around you!
The large rock hits the cyclops!
The centaur warrior wields a +0 longbow.
The centaur warrior shoots an arrow.
The arrow hits you!!
Casting: Foxfire (safe; 0% risk of failure)
Confirm with . or Enter, or press ? or * to list all spells.
Aiming: Passage of Golubria (dangerous; 12% risk of failure)
Press: ? - help, Dir - move target You feel a surge of power!
The foxfire hits the brown ugly thing!
The brown ugly thing is moderately wounded.
The foxfire hits the brown ugly thing.
The brown ugly thing is moderately wounded.
The centaur warrior shoots an arrow.
The arrow hits you!
You feel yourself slow down.
The foxfire hits the brown ugly thing.
The brown ugly thing is moderately wounded.
The centaur warrior shoots an arrow.
The arrow hits you!
* * * LOW HITPOINT WARNING * * *
You enter the passage of Golubria.
There is a passage of Golubria here.
Casting: Passage of Golubria (dangerous; 12% risk of failure)
Confirm with . or Enter, or press ? or * to list all spells.
Aiming: Passage of Golubria (dangerous; 12% risk of failure)
Press: ? - help, Dir - move target You feel a surge of power!
You miscast Passage of Golubria.
You are very lightly contaminated with residual magic.
Nothing appears to happen.
The centaur warrior shoots an arrow.
The arrow misses you.
The centaur warrior shoots an arrow.
The arrow hits you!!
You die...

#...$...........
#....c.........
.#............# ..#
............(...#####...
........................
...............#........ .....
..............................
....#..(.....................
...##.........^@.............
## ##......##.†.†.##...# #.# .
####....###....#...# #.##..
#..^.# #.......####.....
#....## ###...†.)##..## .....
###.§..#........##
#.....##.........##
##...#..##.........
##.##..#..........


You could see a centaur warrior.

Vanquished Creatures
  Jorgrun (D:13)
  Nessos (D:13)
  A minotaur (Gauntlet)
  Erolcha (D:13)
  2 boulder beetles
  11 hydras
  4 two-headed ogres
  A centaur warrior (D:14)
  A catoblepas (D:13)
  A tengu warrior (D:13)
  Urug (Lair:4)
  A hell hog (Gauntlet)
  A soul eater (Gauntlet)
  Sonja (Lair:2)
  6 ugly things
  3 deep elf pyromancers
  A faun (shapeshifter) (D:13)
  6 manticores
  A worldbinder (Gauntlet)
  3 elephants (Lair:6)
  4 black mambas
  Maurice (D:13)
  A merfolk siren (Lair:3)
  A gargoyle (D:7)
  A torpor snail (Gauntlet)
  12 cane toads
  12 rime drakes
  A kobold demonologist (D:13)
  5 komodo dragons
  3 trolls
  A queen bee (Lair:2)
  Prince Ribbit (D:8)
  7 blink frogs
  11 dream sheep
  9 slime creatures
  A spriggan (shapeshifter) (D:13)
  A spriggan (D:14)
  A wraith (D:8)
  A tarantella (shapeshifter) (D:13)
  8 basilisks
  A shadow (D:8)
  2 vampires
  43 yaks
  A yak (shapeshifter) (D:15)
  7 wyverns
  4 fire bats (Gauntlet)
  8 vampire mosquitoes (D:12)
  A hog (shapeshifter) (D:14)
  2 steam dragons
  5 nagas (Lair:2)
  3 acid dragons
  2 hell hounds (Gauntlet)
  12 water moccasins
  A black bear (shapeshifter) (D:13)
  An ice beast (D:7)
  2 sky beasts
  2 orc warriors
  2 necrophages
  2 ogres
  3 black bears
  4 boggarts
  9 centaurs
  A phantom (D:5)
  A kobold brigand (D:8)
  6 bullfrogs
  A wyvern zombie (D:6)
  A scorpion (D:5)
  29 killer bees
  6 wights (D:8)
  2 electric eels (Lair:1)
  3 howler monkeys (D:9)
  6 hounds
  A jelly (D:7)
  6 centaur zombies
  Crazy Yiuf (D:3)
  An orc priest (D:4)
  2 iguanas
  3 orc wizards
  8 hell rats (Lair:4)
  3 killer bee zombies
  A hound skeleton (D:4)
  A mummy (D:12)
  6 adders
  A howler monkey skeleton (D:7)
  7 shadow imps
  3 white imps
  2 ufetubi (D:5)
  2 dart slugs
  19 orcs
  4 ball pythons
  7 bats
  4 endoplasms
  2 giant cockroaches (D:4)
  8 hobgoblins
  9 kobolds
  2 quokkas
  3 frilled lizards
  9 goblins
  7 rats
  2 bushes
427 creatures vanquished.

Vanquished Creatures (collateral kills)
  18 foxfires
18 creatures vanquished.

Vanquished Creatures (others)
  A hornet simulacrum (D:13)
  1302 foxfires
  35 fungi
  45 plants
1383 creatures vanquished.

Grand Total: 1828 creatures vanquished

Notes
Turn   | Place    | Note
-------+----------+-------------------------------------------
     0 | D:1      | Rennog the Deep Elf Fire Elementalist began the quest for
                  | the Orb.
     0 | D:1      | Reached XP level 1. HP: 10/10 MP: 6/6
   350 | D:1      | Reached XP level 2. HP: 15/15 MP: 0/8
   443 | D:1      | Learned a level 2 spell: Scorch
   610 | D:1      | Found a faded altar of an unknown god.
  1458 | D:2      | Found a blossoming altar of Fedhas.
  1461 | D:2      | Reached XP level 3. HP: 19/19 MP: 5/10
  2032 | D:2      | Reached skill level 4 in Spellcasting
  2586 | D:3      | Reached XP level 4. HP: 24/24 MP: 6/12
  2707 | D:3      | Learned a level 3 spell: Conjure Flame
  2740 | D:3      | Found a runed translucent door.
  2741 | D:3      | Noticed Crazy Yiuf
  2858 | D:3      | Noticed a necrophage
  2864 | D:3      | Killed a necrophage
  2865 | D:3      | Reached XP level 5. HP: 28/28 MP: 7/14
  3200 | D:3      | Killed Crazy Yiuf
  3201 | D:3      | Reached skill level 5 in Spellcasting
  3676 | D:4      | Reached XP level 6. HP: 32/32 MP: 11/16
  4620 | D:5      | Entered Level 5 of the Dungeon
  4746 | D:5      | Reached skill level 6 in Spellcasting
  4907 | D:5      | Reached XP level 7. HP: 36/36 MP: 4/18
  5225 | D:5      | Reached skill level 5 in Conjurations
  5334 | D:5      | You fall into a shaft and drop 1 floor!
  5339 | D:6      | Reached skill level 7 in Spellcasting
  5339 | D:6      | Reached skill level 5 in Fire Magic
  5553 | D:6      | Reached skill level 5 in Dodging
  5558 | D:6      | Learned a level 4 spell: Flame Wave
  5562 | D:6      | Learned a level 3 spell: Teleport Other
  5619 | D:6      | Reached XP level 8. HP: 41/41 MP: 15/21
  5666 | D:6      | Reached skill level 8 in Spellcasting
  6034 | D:5      | Found a staircase to the Ecumenical Temple.
  6139 | Temple   | Entered the Ecumenical Temple
  6145 | Temple   | Became a worshipper of Sif Muna the Loreminder
  7025 | D:7      | Reached skill level 9 in Spellcasting
  7109 | D:7      | Noticed a gargoyle
  7109 | D:7      | Noticed a slime creature
  7581 | D:7      | Identified the +1 hunting sling of Guile {venom, rF- Str+6
                  | SInv}
  7657 | D:7      | Killed a gargoyle
  7658 | D:7      | Reached XP level 9. HP: 27/45 MP: 14/24
  8175 | D:8      | Reached skill level 10 in Spellcasting
  8609 | D:8      | Reached skill level 1 in Fighting
  8736 | D:8      | Noticed Prince Ribbit
  8745 | D:8      | Killed Prince Ribbit
  9048 | D:8      | Reached * piety under Sif Muna
  9051 | D:8      | Reached skill level 11 in Spellcasting
  9803 | D:9      | Found a white marble altar of Elyvilon.
  9815 | D:9      | Found an iron altar of Okawaru.
  9815 | D:9      | Found a sacrificial altar of Ru.
  9815 | D:9      | Found a stormy altar of Qazlal.
  9816 | D:9      | Found a radiant altar of Vehumet.
  9890 | D:9      | Found a staircase to the Lair.
  9892 | D:9      | Noticed a komodo dragon
  9902 | D:9      | Killed a komodo dragon
  9903 | D:9      | Reached XP level 10. HP: 54/54 MP: 20/27
 10233 | D:9      | Got the Collected Works on Calling
 10464 | D:10     | Entered Level 10 of the Dungeon
 10526 | D:10     | Found an opulent altar of Gozag.
 11208 | D:10     | Noticed a two-headed ogre
 11666 | D:10     | Reached skill level 12 in Spellcasting
 11666 | D:10     | Reached skill level 10 in Conjurations
 11719 | D:10     | Found a portal to a secret trove of treasure.
 11741 | D:10     | Identified 3 scrolls of acquirement
 11742 | D:10     | Acquired the ring "Elewyh Nusu" {Fire rElec rPois Will-}
 11744 | D:10     | Acquired Rennog's Grimoire of Spatial Damage Dealing
 11746 | D:10     | Acquired a staff of fire
 11752 | D:10     | Learned a level 2 spell: Blink
 11757 | D:10     | Learned a level 4 spell: Hailstorm
 12061 | D:11     | Noticed a two-headed ogre
 12068 | D:11     | Killed a two-headed ogre
 12596 | D:11     | Noticed a two-headed ogre
 12596 | D:11     | Noticed a brown ugly thing
 12710 | D:11     | Killed a brown ugly thing
 12796 | D:11     | Identified the +3 helmet of Intense Amelioration {*Slow
                  | rPois Will++ Dex+2}
 12810 | D:11     | Found a staircase to the Orcish Mines.
 12817 | D:11     | Killed a two-headed ogre
 12949 | D:11     | Reached XP level 11. HP: 60/60 MP: 22/29
 13617 | D:11     | Learned a level 6 spell: Starburst
 13661 | D:12     | Noticed a deep elf pyromancer
 13663 | D:12     | Noticed a six-headed hydra
 13734 | D:12     | Identified the +8 great sword "Uroeroh" {freeze, rPois
                  | Will- Dex+4}
 13858 | D:12     | Noticed a two-headed ogre
 13863 | D:12     | Killed a two-headed ogre
 13864 | D:12     | Reached skill level 13 in Spellcasting
 13935 | D:12     | Noticed a deep elf pyromancer
 14009 | D:12     | Killed a deep elf pyromancer
 14122 | D:12     | Identified the +10 long sword of Jytsu {holy, rPois Stlth+}
 14126 | D:12     | Killed a deep elf pyromancer
 14260 | D:12     | Noticed a two-headed ogre
 14268 | D:12     | Killed a two-headed ogre
 14530 | D:12     | Killed a six-headed hydra
 14794 | D:12     | Noticed a seven-headed hydra
 14804 | D:12     | Killed a seven-headed hydra
 14880 | D:12     | Found a snail-covered altar of Cheibriados.
 15365 | Lair:1   | Entered Level 1 of the Lair of Beasts
 15370 | Lair:1   | Reached ** piety under Sif Muna
 15540 | Lair:1   | Noticed a seven-headed hydra
 15544 | Lair:1   | Killed a seven-headed hydra
 15545 | Lair:1   | Reached skill level 14 in Spellcasting
 15545 | Lair:1   | Reached XP level 12. HP: 67/67 MP: 20/32
 15788 | Lair:1   | Noticed an eight-headed hydra
 15801 | Lair:1   | Killed an eight-headed hydra
 16400 | Lair:2   | Reached skill level 5 in Fighting
 16563 | Lair:2   | Noticed Sonja
 16566 | Lair:2   | Killed Sonja
 16721 | Lair:2   | Reached skill level 10 in Dodging
 16977 | Lair:2   | Reached *** piety under Sif Muna
 17274 | Lair:2   | Found a staircase to the Snake Pit.
 17513 | Lair:2   | Reached skill level 15 in Spellcasting
 17624 | Lair:2   | Noticed a six-headed hydra
 17629 | Lair:2   | Killed a six-headed hydra
 17630 | Lair:2   | Reached skill level 10 in Fire Magic
 17923 | Lair:2   | Identified the +2 robe of Grottiness {rPois Regen+}
 18877 | Lair:3   | Found a staircase to the Shoals.
 19237 | Lair:4   | Reached XP level 13. HP: 22/74 MP: 18/34
 19741 | Lair:4   | Reached **** piety under Sif Muna
 19765 | Lair:4   | Noticed Urug
 19775 | Lair:4   | Killed Urug
 19995 | Lair:4   | Found a stormy altar of Qazlal.
 20229 | Lair:4   | Acquired 929 gold pieces
 20339 | Lair:4   | Reached skill level 16 in Spellcasting
 21247 | Lair:5   | Reached skill level 1 in Invocations
 21258 | Lair:5   | Reached ***** piety under Sif Muna
 21311 | Lair:5   | Found a gate leading to a gauntlet.
 21321 | Lair:5   | Received a gift from Sif Muna
 21322 | Lair:5   | Got Sif Muna's Compendium of Conjuration {god gift}
 21326 | Gauntlet | Entered a Gauntlet
 21326 | Gauntlet | Found a transporter.
 21446 | Gauntlet | Found a runed translucent gate.
 21446 | Gauntlet | Found a runed translucent gate.
 21446 | Gauntlet | Found a runed translucent gate.
 21448 | Gauntlet | Found a transporter.
 21451 | Gauntlet | Found a transporter.
 21452 | Gauntlet | Found a transporter.
 21462 | Gauntlet | Found a transporter.
 21463 | Gauntlet | Found a transporter.
 21464 | Gauntlet | Found a transporter.
 21470 | Gauntlet | Found a runed translucent door.
 21473 | Gauntlet | Found a transporter.
 21474 | Gauntlet | Found a transporter.
 21475 | Gauntlet | Found a transporter.
 21483 | Gauntlet | Found a transporter.
 21486 | Gauntlet | Found a transporter.
 21487 | Gauntlet | Found a transporter.
 21498 | Gauntlet | Found a transporter.
 21503 | Gauntlet | Noticed a reaper
 21877 | Gauntlet | Learned a level 5 spell: Freezing Cloud
 22206 | Gauntlet | Identified the +0 hat "Wailoul" {rCorr}
 22209 | Gauntlet | Noticed a minotaur
 22347 | Gauntlet | Killed a minotaur
 22358 | Gauntlet | Identified the +2 troll leather armour of Kayninotyj {+Inv
                  | Regen+ Str+3 Int+4 Dex+4}
 22675 | Lair:5   | Reached XP level 14. HP: 80/80 MP: 18/36
 23104 | Lair:6   | Entered Level 6 of the Lair of Beasts
 23524 | Lair:6   | Learned a level 5 spell: Lightning Bolt
 23999 | D:13     | Noticed Jorgrun
 24446 | D:13     | Killed Jorgrun
 24447 | D:13     | Reached skill level 15 in Conjurations
 24597 | D:13     | Found a gate to the Vaults.
 24635 | D:13     | Found Feeblid's Book Shop.
 24748 | D:13     | Bought a book of the Moon for 680 gold pieces
 24753 | D:13     | Learned a level 4 spell: Passage of Golubria
 24851 | D:13     | Noticed Erolcha
 25148 | D:13     | Found Irog's Weapon Shoppe.
 25182 | D:13     | Noticed Maurice
 25187 | D:13     | Killed Maurice
 25318 | D:13     | Reached skill level 5 in Invocations
 25379 | D:13     | Noticed Nessos
 25382 | D:13     | Killed Nessos
 25440 | D:13     | Killed Erolcha
 26925 | D:15     | Entered Level 15 of the Dungeon
 27146 | D:15     | Shot with an arrow by a centaur warrior

Illustrated notes

Levels and vault maps discovered:
D:1:      dpeg_arrival_rooms_b, layout_loops_ring,
          dreamdust_ecumenical_altar_angels_and_demons,
          hangedman_decor_clover_reticule, eino_curves_02
D:2:      layout_basic, basic_altar
D:3:      layout_rooms, st_stairs_7, uniq_crazy_yiuf_cottage
D:4:      layout_basic
D:5:      layout_basic, temple_fountains, lightli_corner_chamber
D:6:      layout_rooms
D:7:      minmay_chambers_of_sevens, layout_loops_cross
D:8:      cheibrodos_elevator_heist, layout_basic, uniq_prince_ribbit1
D:9:      layout_roguey, minitemple, david_lair_shrubbed
D:10:     layout_basic, lemuel_round_altar, nicolae_trove_entry_free_sample
D:11:     layout_long_grid, orc_0_dummy, serial_park_tiny_1
D:12:     layout_loops_ring, slow_altar_1
D:13:     layout_small_grid, david_vaults_2, portal_ice_cave_rime, serial_shops,
          shop_fountains, nicolae_shop_temple_entry_statues_fountains,
          uniq_erolcha, uniq_jorgrun, uniq_nessos, uniq_maurice
D:14:     layout_irregular_city, amcnicky_mini_pool_small, the_hattery
D:15:     grunt_enter_depths_snipers, layout_cave_pools, minmay_fountain_box
Temple:   nicolae_temple_x_marks_the_god
Lair:1:   layout_chaotic_city, st_stairs_4, serial_bayou_ford_a,
          grunt_megastairs_4
Lair:2:   layout_long_grid, minmay_snake_entry_guardpost_medium, special_room
          [special_room_bee], uniq_sonja
Lair:3:   layout_roguey, minmay_shoals_entry_lonely_mermaid
Lair:4:   layout_roguey [special_room_mythical_zoo], basic_altar,
          lemuel_fruit_tree, grunt_megastairs_5, uniq_urug
Lair:5:   layout_hall_layers, gauntlet_entry_generic
Lair:6:   hellmonk_lair_end_abyssal_woods, layout_small_grid, slime_altar_1,
          chequers_serial_rivers_small_3, st_stairs_8, minmay_stone_trees_small,
          bobbens_ice_dragon_lair, serial_bayou_shore_a

Skill      XL: |  1  2  3  4  5  6  7  8  9 10 11 12 13 14 |
---------------+-------------------------------------------+-----
Conjurations   | 2 3 4 6 7 9 10 11 13 14 15 | 15.7
Dodging        | 3 4 5 6 7 8 9 10 11 | 11.3
Spellcasting   | 4 5 6 7 9 11 12 14 15 16 | 16.4
Fire Magic     | 4 5 6 8 10 12 | 12.5
Fighting       | 2 3 4 5 6 |  6.5
Invocations    | 3 5 |  5.8
Stealth        | |  2.4

Action                   |  1- 3 |  4- 6 |  7- 9 | 10-12 | 13-15 || total
-------------------------+-------+-------+-------+-------+-------++-------
Melee: Unarmed           |       |     1 |       |       |       ||     1
       Quarterstaff      |       |       |     1 |       |       ||     1
       Staff             |       |       |       |     5 |     9 ||    14
 Cast: Foxfire           |    58 |    85 |   146 |   298 |   232 ||   819
       Scorch            |    27 |    25 |    73 |   136 |    98 ||   359
       Flame Wave        |       |       |     5 |    22 |    18 ||    45
       Teleport Other    |       |       |       |     4 |     9 ||    13
       Starburst         |       |       |       |    22 |    59 ||    81
       Conjure Flame     |       |       |       |     1 |       ||     1
       Hailstorm         |       |       |       |       |     8 ||     8
       Freezing Cloud    |       |       |       |       |     2 ||     2
       Passage of Golubr |       |       |       |       |     2 ||     2
Evoke: Tin of tremorston |       |       |       |       |     2 ||     2
       Phial of floods   |       |       |       |       |     1 ||     1
  Use: Scroll            |       |       |       |    15 |    12 ||    27
       Potion            |       |       |       |       |     2 ||     2
Armor: Robe              |     2 |     5 |     5 |    14 |    30 ||    56
Dodge: Dodged            |     8 |    10 |    29 |   112 |    99 ||   258
Block: Other             |     2 |     4 |     6 |    33 |    32 ||    77
       Reflection        |       |       |       |       |     6 ||     6

Table legend: (Time is in decaauts)
 A = Elapsed time spent in this place.
 B = Non-inter-level travel time spent in this place.
 C = Inter-level travel time spent in this place.
 D = Time resting spent in this place.
 E = Time spent auto-exploring this place.
 F = Levels seen in this place.
 G = Mean time per level.
                   A        B        C        D        E       F      G
               +--------+--------+--------+--------+--------+-----+--------+
         Total |  27186 |  25727 |   1459 |   2385 |  20042 |  23 | 1182.0 |
       Dungeon |  18726 |  17636 |   1090 |   1226 |  14478 |  15 | 1248.4 |
        Temple |     12 |      2 |     10 |      0 |      0 |   1 |   12.0 |
          Lair |   7392 |   7033 |    359 |    732 |   5275 |   6 | 1232.0 |
      Gauntlet |   1055 |   1055 |      0 |    427 |    289 |   1 | 1055.0 |
               +--------+--------+--------+--------+--------+-----+--------+

Top non-repeatable levels by time:
    D:11: 1961 daAuts
    D:12: 1775 daAuts
  Lair:2: 1747 daAuts
  Lair:4: 1727 daAuts
    D:13: 1589 daAuts
    D:10: 1531 daAuts
     D:5: 1528 daAuts
     D:8: 1448 daAuts
     D:4: 1395 daAuts
  Lair:3: 1366 daAuts
     D:9: 1269 daAuts
     D:2: 1138 daAuts
     D:1: 1124 daAuts
  Lair:1: 1060 daAuts
Gauntlet: 1055 daAuts
